 Dungeon Crawl Stone Soup version 0.24.1-14-gf8d2b509d9 (webtiles) character file.

Game seed: 17257139881467101426, levelgen mode: deterministic

134 Bodigarde the Grave Robber (level 4, 0/32 HPs)
             Began as a Mummy Necromancer on May 19, 2020.
             Slain by a bullfrog (4 damage)
             ... on level 3 of the Dungeon.
             The game lasted 00:10:53 (3399 turns).

Bodigarde the Grave Robber (Mummy Necromancer)      Turns: 3399, Time: 00:10:54

Health: 0/32       AC:  2    Str: 11    XL:     4   Next: 95%
Magic:  2/9        EV: 12    Int: 14    God:
Gold:   171        SH:  0    Dex: 13    Spells: 1/10 levels left

rFire    x . .     SeeInvis .   a - +0 whip
rCold    + . .     Gourm    .   (no shield)
rNeg     + + +     Faith    .   d - +0 robe
rPois    ∞         Spirit   .   (no helmet)
rElec    .         Reflect  .   (no cloak)
rCorr    .         Harm     .   (no gloves)
MR       .....                  (no boots)
Stlth    ++........             (no amulet)
HPRegen  0.10/turn              (no ring)
MPRegen  0.11/turn              (no ring)

@: very slightly contaminated
A: no food or potions, fire vulnerability, cold resistance 1, negative energy
resistance 3, torment resistance, unbreathing
a: no special abilities


You were on level 3 of the Dungeon.
You were not hungry.

You visited 1 branch of the dungeon, and saw 3 of its levels.

You collected 171 gold pieces.

Inventory:

Hand Weapons
 a - a +0 whip (weapon)
Missiles
 b - 2 boomerangs
 c - 25 stones
 j - 14 poisoned darts (quivered)
Armour
 d - a +0 robe (worn)
Scrolls
 f - a scroll of remove curse
 l - a scroll of identify {unknown}
 m - a scroll of teleportation {unknown}


   Skills:
 + Level 1.6 Fighting
 * Level 1.2 Maces & Flails
 + Level 2.2 Dodging
 - Level 1.5 Stealth
 + Level 3.5 Spellcasting
 * Level 4.9 Necromancy


You had one spell level left.
You knew the following spells:

 Your Spells              Type           Power        Failure   Level  Hunger
a - Pain                  Necr           ###.         2%          1    N/A
b - Animate Skeleton      Necr           N/A          2%          1    N/A
c - Vampiric Draining     Necr           ###.......   8%          3    N/A
d - Animate Dead          Necr           N/A          26%         4    N/A

Your spell library contained the following spells:

 Spells                   Type           Power        Failure   Level  Hunger
 Regeneration             Chrm/Necr      Unusable     N/A         3    N/A

Dungeon Overview and Level Annotations

Branches:
Dungeon (3/15)

Altars:
Dithmenos
Uskayaw
The Shining One


Innate Abilities, Weirdness & Mutations

You do not eat or drink.
Your flesh is vulnerable to fire.
You are immune to poison.
Your flesh is cold resistant. (rC+)
You are immune to negative energy. (rN+++)
You are immune to unholy pain and torment.
You can survive without breathing.


Message History

Press: ? - help, Dir - move target cursor You are very lightly contaminated with residual magic.
As you read the scroll labeled RAOQONLEAN, it crumbles to dust.
It was a scroll of blinking.
Unknown command.
As you read the scroll labeled TUGOAC HAUGAHU, it crumbles to dust.
You feel aware of your surroundings.
You sensed 1 altar.
It was a scroll of magic mapping.
The rat twitches its whiskers.
As you read the scroll labeled AMOOBI HAES, it crumbles to dust.
You hear a loud clanging noise!
It was a scroll of noise.
You hear a shout! x3
As you read the scroll labeled NUGIME PIWI, it crumbles to dust.
The creatures around you are filled with an inner flame!
It was a scroll of immolation.
The bullfrog snags a nearby small bird with its tongue.
As you read the scroll labeled NAAKLO KUUMI, it crumbles to dust.
Your brain hurts!
It was a scroll of random uselessness.
The bullfrog hits you.
You die...

*,,*,* #....##'###)#.####.# #.
**#..#+###o...##.# #.#.# #.# #.
,,........)...##.# #.#.# #.# #.
**#........^..##.# #)#.####.# #.
,*#...........##.# #.#......# #.
,*#........o..##.###.######.# #.
,*#...>.....)........###########.
,*#..g...#####S######....#.......
,*#.....o**###.F@..##....#.######
,*#......*#....###.##....#.#
,**,,,,,,*#.##.###.##....#.#
,**,,,,,,*#.#...##.##....#.#
,**,,,,,,,...._..........#.#
,**,,,,,,*.##...#Z##.....#.######
***,,,,,,*,*##.##.###...........#
*******#.###..Z.# #.......###.#
#.....#### #...........#


You could see a bullfrog (inner flame), an adder (inner flame) and an orc (inner
flame).

Vanquished Creatures
  An orc priest (D:3)
  An adder (D:2)
  4 dart slugs
  2 leopard geckos
  6 orcs (D:3)
  A ball python (D:1)
  10 bats
  2 giant cockroaches (D:1)
  10 goblins
  10 hobgoblins
  3 jackals (D:1)
  8 kobolds
  4 frilled lizards (D:1)
  5 rats
67 creatures vanquished.

Vanquished Creatures (collateral kills)
  An adder (D:2)
  A giant cockroach (D:2)
  A kobold (D:2)
3 creatures vanquished.

Vanquished Creatures (others)
  A hobgoblin (D:1)
  A bat (D:1)
2 creatures vanquished.

Grand Total: 72 creatures vanquished

Notes
Turn   | Place    | Note
-------+----------+-------------------------------------------
     0 | D:1      | Bodigarde the Mummy Necromancer began the quest for the
                  | Orb.
     0 | D:1      | Reached XP level 1. HP: 13/13 MP: 4/4
   261 | D:1      | Learned a level 1 spell: Animate Skeleton
   314 | D:1      | Reached XP level 2. HP: 17/20 MP: 0/5
  1132 | D:1      | Reached XP level 3. HP: 25/25 MP: 3/7
  1141 | D:1      | Reached skill level 1 in Fighting
  1351 | D:1      | Learned a level 3 spell: Vampiric Draining
  2041 | D:2      | Reached XP level 4. HP: 16/32 MP: 1/9
  2050 | D:2      | Learned a level 4 spell: Animate Dead
  2362 | D:2      | Found a hide-covered altar of Uskayaw.
  2362 | D:2      | Found a glowing golden altar of the Shining One.
  3211 | D:3      | Found a shadowy altar of Dithmenos.
  3387 | D:3      | Reached skill level 1 in Maces & Flails
  3388 | D:3      | Noticed a bullfrog
  3399 | D:3      | Slain by a bullfrog

Levels and vault maps discovered:
D:1:      psy_arrival_terrarium, layout_loops_corners, minmay_misc_feat_cross,
          lemuel_flame_loot_1
D:2:      layout_basic, chequers_temple_overflow_statue_of_worship
D:3:      layout_basic, marbit_many_paths, nicolae_overflow_crystal_walls

Skill      XL: |  1  2  3  4 |
---------------+-------------+-----
Spellcasting   | 3 |  3.5
Fighting       | 1 |  1.6
Dodging        | 2 |  2.2
Maces & Flails | 1 |  1.2
Stealth        | |  1.5
Necromancy     | |  4.9

Action                   |  1- 3 |  4- 6 || total
-------------------------+-------+-------++-------
Melee: Dagger            |    20 |       ||    20
       Whip              |    13 |     2 ||    15
 Cast: Pain              |    83 |    41 ||   124
       Animate Skeleton  |    11 |       ||    11
       Animate Dead      |       |     6 ||     6
  Use: Scroll            |       |     6 ||     6
 Stab: Sleeping          |     1 |       ||     1
Armor: Robe              |    15 |     1 ||    16
Dodge: Dodged            |    36 |     8 ||    44
